 Dungeon Crawl Stone Soup version 0.26.0-11-g8f856b5395 (webtiles) character file.

Game seed: 11806908444262185326

5585 Acheron the Grappler (level 10, 0/91 HPs)
             Began as a Troll Summoner on Jan 15, 2021.
             Slain by a bog body (15 damage)
             ... on level 3 of the Lair of Beasts.
             The game lasted 00:46:06 (8767 turns).

Acheron the Grappler (Troll Summoner)               Turns: 8767, Time: 00:46:06

Health: 0/91       AC:  7    Str: 24    XL:     10   Next: 45%
Magic:  13/13      EV:  9    Int: 11    God:
Gold:   504        SH:  8    Dex: 13    Spells: 7/14 levels left

rFire    . . .     SeeInvis .     - Unarmed
rCold    . . .     Faith    .   x - +0 kite shield
rNeg     + . .     Spirit   .   a - +1 robe
rPois    .         Reflect  .   (helmet restricted)
rElec    .         Harm     .   (no cloak)
rCorr    .         Rampage  .   (gloves unavailable)
Will     .....                  (boots unavailable)
Stlth    ++........             (no amulet)
HPRegen  0.65/turn              I - ring of positive energy
MPRegen  0.13/turn              q - +6 ring of strength

@: slowed, very slow
A: large, unfitting armour, claws 3, regeneration 1, shaggy fur 1, tough skin 3
a: no special abilities


You were on level 3 of the Lair of Beasts.
You visited 2 branches of the dungeon, and saw 13 of its levels.

You collected 504 gold pieces.

Inventory:

Hand Weapons
 t - a +3 vorpal war axe
 C - a +2 flail of holy wrath
Missiles
 e - 2 large rocks (quivered)
 g - 200 stones
 i - 21 sling bullets
 A - 7 boomerangs
Armour
 a - a +1 robe (worn)
 x - a +0 kite shield (worn)
Magical Staves
 n - an uncursed staff of poison
 G - an uncursed staff of death
Jewellery
 p - an uncursed amulet of magic regeneration
 q - a +6 ring of strength (right claw)
 D - an uncursed ring of poison resistance {unknown}
 I - a ring of positive energy (left claw)
Wands
 k - a wand of iceblast (21)
 o - a wand of disintegration (10)
 y - a wand of acid (5)
 z - a wand of digging (8)
 F - a wand of polymorph (9)
Scrolls
 d - 2 scrolls of fog
 f - 7 scrolls of teleportation
 h - a scroll of acquirement {unknown}
 l - 5 scrolls of remove curse
 u - 2 scrolls of enchant armour
 K - a scroll of amnesia
 M - 2 scrolls of immolation {unknown}
Potions
 b - 8 potions of curing
 c - 2 potions of mutation
 j - a potion of ambrosia {unknown}
 m - 2 potions of brilliance
 r - a potion of lignification {unknown}
 s - a potion of invisibility {unknown}
 v - 5 potions of flight
 w - a potion of heal wounds
 B - 2 potions of might {unknown}
 H - a potion of attraction {unknown}


   Skills:
 * Level 3.0 Fighting
 * Level 2.9 Axes
 + Level 0.2 Staves
 * Level 4.1 Throwing
 * Level 5.2 Dodging
 * Level 3.1 Stealth
 * Level 1.1 Shields
 * Level 8.7 Unarmed Combat
 * Level 2.9 Spellcasting
 * Level 2.1 Conjurations
 + Level 3.5 Summonings
 * Level 1.3 Translocations
 * Level 2.6 Evocations


You had 7 spell levels left.
You knew the following spells:

 Your Spells              Type           Power        Failure   Level
a - Summon Small Mammal   Summ           36%          34%         1
b - Call Imp              Summ           9%           45%         2
c - Apportation           Tloc           8%           65%         1
d - Magic Dart            Conj           24%          52%         1
e - Searing Ray           Conj           12%          67%         2

Your spell library contained the following spells:

 Spells                   Type           Power        Failure   Level
 Call Canine Familiar     Summ           9%           71%         3
 Animate Skeleton         Necr           2%           83%         1
 Beastly Appendage        Tmut           2%           83%         1
 Corona                   Hex            1%           83%         1
 Summon Guardian Golem    Hex/Summ       5%           91%         3
 Poisonous Vapours        Pois/Air       2%           92%         2
 Wereblood                Tmut           1%           92%         2
 Conjure Flame            Conj/Fire      3%           96%         3
 Dazzling Flash           Conj/Hex       6%           96%         3
 Mephitic Cloud           Conj/Pois/Air  3%           97%         3
 Spider Form              Tmut/Pois      0%           99%         3
 Fulminant Prism          Conj/Hex       1%           100%        4
 Ice Form                 Ice/Tmut       1%           100%        4
 Iskenderun's Mystic Bla  Conj/Tloc      5%           100%        4
 Summon Ice Beast         Ice/Summ       5%           100%        4
 Summon Lightning Spire   Summ/Air       5%           100%        4
 Blade Hands              Tmut           0%           100%        5
 Freezing Cloud           Conj/Ice/Air   1%           100%        6


Dungeon Overview and Level Annotations

Branches:
Dungeon (9/15)             Temple (0/1) D:5            Lair (4/6) D:8
  Snake (0/4) Lair:3
  Swamp: Lair:2-4    Shoals: Lair:2-4       Orc: D:9-12

Altars:
Ashenzari
Okawaru
Trog
Vehumet
Wu Jian
Zin
The Shining One

Annotations:
D:1 exclusion: downstairs
D:6 Pikel
D:7 exclusion: downstairs


Innate Abilities, Weirdness & Mutations

You are too large for most types of armour.
You have claws for hands.
Your natural rate of healing is unusually fast.
You are covered in fur. (AC +1)
You have extremely tough skin. (AC +3)


Message History

D - a sapphire ring You claw the bog body!
The bog body is moderately damaged.
The bog body touches you! The bog body freezes you!!
You completely miss the bog body.
The bog body is moderately damaged.
The bog body gestures at you while chanting.
You feel yourself slow down.
You scratch the bog body.
The bog body is moderately damaged.
The bog body gestures at you while chanting.
The bolt of cold hits you!!!
* * * LOW HITPOINT WARNING * * *
Unknown command.
You scratch the bog body.
The bog body is moderately damaged.
The bog body touches you.
* * * LOW HITPOINT WARNING * * *
The bog body freezes you!
You die...

...............
.................
..................
..................
..................
..................
......#...........
..........P.....@..........
..........##.#..#n.........
.........# #.#.#.........
........# ####...........
.......# #...........
......# #.#..........
......# ###..N.......
......#### # ##..........l
........P# #.#.....P......


You could see a bog body and a naga.

Vanquished Creatures
  2 cane toads
  2 polar bears (Lair:2)
  Grinder (D:6)
  A dream sheep (Lair:2)
  3 yaks (Lair:1)
  A basilisk (Lair:1)
  The ghost of Valentain the Sneak, an amateur OpDe (D:4)
  3 orc warriors (D:8)
  3 sky beasts
  A phantom (D:6)
  3 ogres
  4 wolves (Lair:2)
  A necrophage (D:6)
  2 centaurs
  A lemure (D:6)
  A big kobold (D:8)
  9 bullfrogs
  3 scorpions
  7 killer bees
  2 howler monkeys (D:6)
  3 bullfrog zombies
  A jelly (D:8)
  4 hounds
  2 orc priests
  A centaur skeleton (D:6)
  2 iguanas
  4 orc wizards
  4 worker ants
  A hound zombie (D:5)
  A hound skeleton (D:5)
  6 gnolls
  A howler monkey skeleton (D:9)
  12 adders
  2 shadow imps
  2 white imps
  An ufetubus (D:6)
  An adder skeleton (D:5)
  2 worms
  A dart slug (D:4)
  6 leopard geckos
  21 orcs
  2 ball pythons
  6 giant cockroaches
  6 goblins
  6 hobgoblins
  12 jackals
  6 quokkas
  6 bats
  6 frilled lizards
  A jackal zombie (D:8)
  4 kobolds
  A leopard gecko skeleton (D:5)
  10 rats
195 creatures vanquished.

Vanquished Creatures (collateral kills)
  An ogre (D:4)
  A jackal (D:6)
2 creatures vanquished.

Vanquished Creatures (others)
  7 bushes (Lair:2)
  19 fungi
  32 plants
  7 toadstools (Lair:1)
65 creatures vanquished.

Grand Total: 262 creatures vanquished

Notes
Turn   | Place    | Note
-------+----------+-------------------------------------------
     0 | D:1      | Acheron the Troll Summoner began the quest for the Orb.
     0 | D:1      | Reached XP level 1. HP: 16/16 MP: 1/1
   134 | D:1      | Reached XP level 2. HP: 9/24 MP: 3/3
   463 | D:1      | Reached XP level 3. HP: 32/32 MP: 4/4
   740 | D:2      | Reached skill level 1 in Unarmed Combat
  1145 | D:2      | Reached XP level 4. HP: 30/40 MP: 5/5
  1239 | D:2      | Reached skill level 2 in Unarmed Combat
  1421 | D:2      | Learned a level 2 spell: Call Imp
  1760 | D:2      | You fall into a shaft and drop 2 floors!
  1828 | D:4      | Reached XP level 5. HP: 29/46 MP: 6/6
  2451 | D:4      | Found a radiant altar of Vehumet.
  2454 | D:4      | Found a glowing silver altar of Zin.
  2459 | D:4      | Found a broken altar of Ashenzari.
  2489 | D:5      | Entered Level 5 of the Dungeon
  2497 | D:5      | Reached skill level 1 in Fighting
  2497 | D:5      | Reached skill level 3 in Unarmed Combat
  2644 | D:4      | Reached XP level 6. HP: 36/55 MP: 7/7
  2883 | D:4      | Learned a level 1 spell: Apportation
  2885 | D:4      | Learned a level 1 spell: Magic Dart
  2929 | D:4      | Found a runed translucent gate.
  2929 | D:4      | Found a runed translucent gate.
  2929 | D:4      | Found a runed translucent gate.
  2932 | D:4      | Noticed Valentain's ghost (amateur OpDe)
  2964 | D:4      | Killed Valentain's ghost
  2965 | D:4      | Reached skill level 4 in Unarmed Combat
  3362 | D:5      | Found an iron altar of Okawaru.
  3429 | D:5      | Noticed a sky beast
  3443 | D:5      | Killed a sky beast
  3444 | D:5      | Reached XP level 7. HP: 62/62 MP: 8/8
  3496 | D:5      | Found a staircase to the Ecumenical Temple.
  3502 | D:5      | Reached skill level 1 in Throwing
  3623 | D:5      | Found a glowing golden altar of the Shining One.
  3993 | D:5      | Noticed a moth of wrath
  3996 | D:5      | Found a bloodstained altar of Trog.
  4317 | D:6      | Reached skill level 5 in Unarmed Combat
  4329 | D:6      | Reached skill level 1 in Evocations
  4329 | D:6      | Reached XP level 8. HP: 69/72 MP: 8/10
  4360 | D:6      | Reached skill level 1 in Axes
  4456 | D:6      | Noticed Grinder
  4489 | D:6      | Paralysed by Grinder for 6 turns
  4502 | D:6      | Killed Grinder
  4503 | D:6      | Reached skill level 1 in Conjurations
  4651 | D:6      | Reached skill level 6 in Unarmed Combat
  5044 | D:6      | Noticed Pikel
  5405 | D:6      | Reached XP level 9. HP: 70/80 MP: 11/11
  5918 | D:8      | Reached skill level 7 in Unarmed Combat
  6262 | D:9      | Learned a level 2 spell: Searing Ray
  6263 | D:9      | Noticed a cyclops
  6328 | D:8      | Found an ornate altar of the Wu Jian Council.
  6720 | D:8      | Reached skill level 8 in Unarmed Combat
  7021 | D:8      | Found a staircase to the Lair.
  7026 | Lair:1   | Entered Level 1 of the Lair of Beasts
  7136 | Lair:1   | Noticed a cane toad
  7141 | Lair:1   | Noticed a cane toad
  7158 | Lair:1   | Reached skill level 5 in Dodging
  7264 | Lair:1   | Noticed a cane toad
  7356 | Lair:1   | Noticed a komodo dragon
  7356 | Lair:1   | Noticed a boulder beetle
  7550 | Lair:1   | You fall into a shaft and drop 1 floor!
  7585 | Lair:2   | Reached XP level 10. HP: 31/88 MP: 12/12
  7948 | Lair:2   | Reached skill level 1 in Translocations
  8097 | Lair:2   | Noticed a cane toad
  8316 | Lair:2   | Killed a cane toad
  8317 | Lair:2   | Reached skill level 1 in Shields
  8563 | Lair:3   | Noticed a cane toad
  8574 | Lair:3   | Killed a cane toad
  8722 | Lair:3   | Found a staircase to the Snake Pit.
  8738 | Lair:4   | Noticed a seven-headed hydra
  8748 | Lair:3   | Noticed a bog body
  8767 | Lair:3   | Slain by a bog body

Illustrated notes

Levels and vault maps discovered:
D:1:      ebering_trefoil_twist, layout_loops_corners
D:2:      layout_loops_ring, nrook_campfire
D:3:      layout_basic
D:4:      minmay_skewed_foursquare, layout_loops_ring,
          grunt_temple_overflow_diamond, gammafunk_ghost_split, uniq_edmund
D:5:      layout_loops_ring, kennysheep_okawaru_gauntlet, kennysheep_mini,
          tgw_trog, minmay_temple_entry_tees
D:6:      layout_loops_ring, uniq_pikel, uniq_grinder
D:7:      layout_gridville, nzn_hepliaklqana_mist_gate
D:8:      kennysheep_spiral_hall, layout_rooms, lemuel_round_altar
D:9:      argonaut_augean_stables, layout_irregular_city, slow_altar_1,
          marbit_many_paths, serial_shops, kennysheep_little_box
Lair:1:   gammafunk_lair_enchanted_lake, layout_concentric_octagons,
          minmay_shattered_shrine
Lair:2:   cheibrodos_lair_overgrown_chateau, layout_chaotic_city,
          minmay_hedge_maze, serial_bayou_shore_a, infiniplex_staircase_pool_2
Lair:3:   cheibrodos_lair_river_kwai, layout_hall_layers,
          nicolae_swamp_entry_splash_gauntlet, guppyfry_snake_entry_island,
          portal_ice_cave_rime, lemuel_fruit_fields
Lair:4:   layout_loops_ring, kennysheep_rathole, serial_bayou_shore_b,
          grunt_megastairs_4

Skill      XL: |  1  2  3  4  5  6  7  8  9 10 |
---------------+-------------------------------+-----
Summonings     | 3 |  3.5
Unarmed Combat | 1 2 3 4 5 6 8 |  8.7
Dodging        | 2 3 4 5 |  5.2
Fighting       | 1 2 3 |  3.0
Stealth        | 2 3 |  3.1
Throwing       | 1 2 3 4 |  4.1
Spellcasting   | 2 |  2.9
Evocations     | 1 2 |  2.6
Axes           | 1 2 |  2.9
Conjurations   | 1 2 |  2.1
Translocations | 1 |  1.3
Shields        | 1 |  1.1
Staves         | |  0.2

Action                   |  1- 3 |  4- 6 |  7- 9 | 10-12 || total
-------------------------+-------+-------+-------+-------++-------
Melee: Unarmed           |   135 |   174 |   435 |    86 ||   830
       Punch             |       |     2 |    11 |       ||    13
       Staff             |       |       |    17 |       ||    17
       War axe           |       |       |     3 |       ||     3
Throw: Boomerang         |       |       |     4 |       ||     4
       Large rock        |       |       |       |     3 ||     3
 Cast: Summon Small Mamm |       |     3 |     3 |       ||     6
       Call Imp          |       |     4 |     9 |     1 ||    14
       Apportation       |       |       |       |     5 ||     5
Evoke: Wand              |       |       |       |     1 ||     1
  Use: Scroll            |       |    10 |    15 |       ||    25
       Potion            |       |       |     5 |     3 ||     8
 Stab: Sleeping          |     3 |     6 |     4 |       ||    13
Armor: Robe              |    74 |    48 |   155 |    34 ||   311
Dodge: Dodged            |   117 |    86 |   309 |    40 ||   552
Block: Kite shield       |       |       |    28 |    36 ||    64
